 Dungeon Crawl Stone Soup version 0.29.1-12-g30fa7ad0bf (webtiles) character file.

Game seed: 12508264086265553223

3726 DoIIoM the Firebug (level 10, -7/67 (69) HPs)
             Began as an Octopode Fire Elementalist on Jan 15, 2023.
             Mangled by a wight
             ... wielding a +3 dagger
              (9 damage)
             ... on level 7 of the Dungeon.
             The game lasted 00:23:17 (9782 turns).

DoIIoM the Firebug (Octopode Fire Elementalist)     Turns: 9782, Time: 00:23:17

HP:   -7/67 (69)    AC:  5    Str:  8    XL:     10   Next: 14%
MP:   1/19          EV: 13    Int: 22    God:
Gold: 486           SH:  0    Dex: 12    Spells: 17/22 levels left

rFire   . . .      SeeInvis .   b - +0 spear
rCold   . . .      Faith    .   (no shield)
rNeg    . . .      Spirit   .   (helmet restricted)
rPois   .          Reflect  .   f - amulet of the acrobat
rElec   .          Harm     .   m - +4 ring of protection
rCorr   .          Rampage  .   (no ring)
Will    .....                   (no ring)
Stlth   ++++......              (no ring)
HPRegen 0.21/turn               (no ring)
MPRegen 0.16/turn               (no ring)
                                (no ring)
                                (no ring)

@: lightly drained
A: almost no armour, amphibious, 8 rings, camouflage 1, gelatinous body 1,
(nimble swimmer 1), tentacles
a: no special abilities


You were on level 7 of the Dungeon.
You visited 2 branches of the dungeon, and saw 8 of its levels.
You also visited: Bailey.

You collected 486 gold pieces.

Inventory:

Hand Weapons
 b - a +0 spear (weapon)
Missiles
 u - a throwing net
Jewellery
 f - an amulet of the acrobat (around mantle)
 h - an amulet of faith
 m - a +4 ring of protection (left tentacle)
Wands
 o - a wand of roots (10)
 y - a wand of polymorph (9)
Scrolls
 d - a scroll of vulnerability {unknown}
 e - 5 scrolls of butterflies {unknown}
 j - 2 scrolls of magic mapping {unknown}
 l - 3 scrolls of noise {unknown}
 p - a scroll of immolation {unknown}
 q - 5 scrolls of enchant weapon {unknown}
 t - 2 scrolls of amnesia {unknown}
 v - 2 scrolls of identify
 w - a scroll of blinking {unknown}
Potions
 a - 2 potions of magic
 c - a potion of berserk rage
 i - 2 potions of lignification
 k - a potion of might
 n - a potion of mutation
 s - a potion of resistance
 x - a potion of degeneration


   Skills:
 + Level 6.8 Fighting
 - Level 2.0 Dodging
 - Level 6.1 Stealth
 + Level 6.5 Spellcasting
 + Level 6.9 Conjurations
 + Level 7.5 Fire Magic


You had 17 spell levels left.
You knew the following spells:

 Your Spells              Type           Power      Damage    Failure   Level
a - Foxfire               Conj/Fire      100%       2x1d9     1%          1
b - Flame Wave            Conj/Fire      38%        2d10      4%          4

Your spell library contained the following spells:

 Spells                   Type           Power      Damage    Failure   Level
 Scorch                   Fire           80%        2d9       1%          2
 Conjure Flame            Conj/Fire      38%        6-21      1%          3
 Inner Flame              Hex/Fire       23%        N/A       5%          3


Dungeon Overview and Level Annotations

Branches:
Dungeon (7/15)             Temple (1/1) D:6          Bailey (visited)

Altars:
Ashenzari
Cheibriados
Dithmenos
Elyvilon
Fedhas
Gozag
Hepliaklqana
Kikubaaqudgha
Nemelex Xobeh
Okawaru
Qazlal
Ru
Sif Muna
Trog
Wu Jian
Xom
Yredelemnul
Zin
The Shining One

Shops:
D:4 *(=   D:5 [

Annotations:
D:4 2 transporters, beardedkeet's ghost, novice VSEn


Innate Abilities, Weirdness & Mutations

You cannot wear most types of armour.
You are amphibious.
You can wear up to eight rings at the same time.
Your skin changes colour to match your surroundings (Stealth+).
Your rubbery body absorbs attacks. (AC +1, EV +1)
((You are camouflaged when in or above water. (Stealth+)))
You have tentacles for arms and can constrict up to eight enemies at once.


Message History

The wight barely misses you.
Okay, then.
Unknown command.
You hit the orc priest.
The orc priest is almost dead.
You constrict the orc priest. The orc priest closely misses you.
The wight completely misses you.
Unknown command.
You hit the orc priest but do no damage.
The orc priest is almost dead.
You constrict the orc priest.
You kill the orc priest!
The wight barely misses you.
Unknown command.
Casting: Foxfire (safe; 1% risk of failure)
Confirm with . or Enter, or press ? or * to list all spells.
You conjure some foxfire!
The wight hits you but does no damage.
Unknown command.
You hit the wight but do no damage. Your grab misses the wight.
The wight is severely damaged.
The foxfire hits the wight.
The wight is severely damaged.
The foxfire hits the wight but does no damage.
The wight is severely damaged.
The wight hits you but does no damage.
You barely miss the wight. You grab the wight.
The wight is severely damaged.
You constrict the wight. The wight hits you with a +3 dagger.
* * * LOW HITPOINT WARNING * * *
Unknown command.
You hit the wight but do no damage. You squeeze the wight.
The wight is almost destroyed.
You constrict the wight, but do no damage.
The wight misses you.
Unknown command.
You hit the wight but do no damage.
The wight is almost destroyed.
You constrict the wight, but do no damage.
The wight hits you with a +3 dagger!
You die...

..##....#..<.# .. ............
........#....# .###'#..........
........+....# ....#.........#
..#######....# ...#.........#
..#..........# #..#.........#
..#..........# #..#.........##
..#......#'########..#o)........#
..#(.....#..#...).#..'..(....))..
..#.............@z#..#......≈≈≈.≈
.................)).........≈....
.......#######..####...####.≈.≈§≈
#'######..#..#..#..#...# #.≈.≈..
#..))..#..#(.#'##..#...# #.≈z≈._
#..(#..#'##..#..'..#...# #.≈.≈..
#####'##..##'#..#####..# #.≈.≈≈§
.#..#........##'# .#..# #.≈....
.#..#.#####....)# ..#..#


You could see a wight.

Vanquished Creatures
  3 yaks (D:6)
  A water moccasin (D:6)
  5 orc warriors
  2 ice beasts
  An ogre (D:4)
  3 centaurs
  A necrophage (D:4)
  A bullfrog (D:6)
  9 kobold brigands
  5 scorpions
  A gnoll sergeant (D:6)
  4 wights (D:7)
  An electric eel (D:6)
  4 howler monkeys
  3 hounds
  4 orc priests
  A jelly (D:6)
  4 iguanas
  2 orc wizards (D:5)
  7 gnolls
  10 adders
  2 white imps
  3 ufetubi
  A worm (D:2)
  5 dart slugs
  21 orcs
  9 ball pythons
  5 bats
  13 endoplasms
  5 giant cockroaches
  13 goblins
  15 hobgoblins
  33 kobolds
  2 quokkas
  A frilled lizard (D:2)
  5 rats
205 creatures vanquished.

Vanquished Creatures (collateral kills)
  A foxfire (D:6)
1 creature vanquished.

Vanquished Creatures (others)
  516 foxfires
  6 plants (D:6)
522 creatures vanquished.

Grand Total: 728 creatures vanquished

Notes
Turn   | Place    | Note
-------+----------+-------------------------------------------
     0 | D:1      | DoIIoM the Octopode Fire Elementalist began the quest for
                  | the Orb.
     0 | D:1      | Reached XP level 1. HP: 11/11 MP: 3/3
   144 | D:1      | Reached XP level 2. HP: 18/18 MP: 5/5
   624 | D:1      | Reached skill level 1 in Fighting
   624 | D:1      | Reached XP level 3. HP: 23/23 MP: 6/6
   632 | D:1      | Found a faded altar of an unknown god.
  1969 | D:2      | Reached XP level 4. HP: 28/28 MP: 3/7
  2840 | D:3      | Reached XP level 5. HP: 26/34 MP: 3/9
  3385 | D:4      | Noticed an ogre
  3385 | D:4      | Identified the +2 dire flail of Foul Odours {vamp, *Corrode
                  | rElec Dex+10}
  3385 | D:4      | Noticed an ogre
  3385 | D:4      | Noticed beardedkeet's ghost (novice VSEn)
  3385 | D:4      | Found a transporter.
  3385 | D:4      | Found a transporter.
  3387 | D:4      | Noticed an ogre
  3391 | D:4      | Noticed an ogre
  3394 | D:4      | Killed an ogre
  3487 | D:4      | Found Qudum's General Store.
  3503 | D:4      | Reached XP level 6. HP: 40/40 MP: 3/10
  3604 | D:4      | Found Pyfowil's Weapon Boutique.
  3617 | D:4      | Reached skill level 4 in Fire Magic
  3851 | D:4      | Reached skill level 5 in Stealth
  3903 | D:4      | Found Ysyicwiur's Jewellery Emporium.
  4065 | D:4      | Reached XP level 7. HP: 39/45 MP: 8/12
  4488 | D:5      | Entered Level 5 of the Dungeon
  5243 | D:5      | Found a hazy altar of Hepliaklqana.
  5373 | D:5      | Found Jong's Armour Shoppe.
  5382 | D:5      | Reached XP level 8. HP: 54/54 MP: 9/13
  5587 | D:5      | Reached skill level 5 in Fire Magic
  5953 | D:6      | Found a staircase to the Ecumenical Temple.
  5981 | Temple   | Entered the Ecumenical Temple
  6578 | D:6      | Noticed a vampire
  6579 | D:6      | Noticed a yak
  7028 | D:6      | Reached skill level 5 in Conjurations
  7098 | D:6      | Learned a level 4 spell: Flame Wave
  7520 | D:6      | Noticed a yak
  7520 | D:6      | Noticed a yak
  7523 | D:6      | Noticed a yak
  7548 | D:6      | Killed a yak
  7549 | D:6      | Reached skill level 5 in Fighting
  7549 | D:6      | Reached skill level 5 in Spellcasting
  7549 | D:6      | Reached skill level 6 in Fire Magic
  7549 | D:6      | Reached XP level 9. HP: 61/61 MP: 8/16
  7705 | D:6      | Identified the +6 mace of the Muttering Gods {holy, Drain
                  | Str+5}
  7925 | D:7      | Found a stormy altar of Qazlal.
  8106 | D:7      | Identified the +0 ring mail "Puett" {Will+}
  8629 | D:7      | Found a flagged portal.
  8646 | Bailey   | Entered a bailey
  8732 | Bailey   | Identified the +7 triple crossbow "Juappeck" {penet, Drain
                  | rF++ Int+3}
  8911 | Bailey   | Reached skill level 7 in Fire Magic
  8918 | Bailey   | Found a bloodstained altar of Trog.
  8926 | Bailey   | HP: 2/62 [orc warrior/+0 war axe (10)]
  9323 | Bailey   | Reached XP level 10. HP: 69/69 MP: 12/19
  9737 | D:7      | Found an ancient bone altar of Kikubaaqudgha.
  9775 | D:7      | HP: 2/66 [orc priest/nerve-wracking pain (13)]
  9780 | D:7      | HP: 1/67 [wight/+3 dagger (2)]
  9782 | D:7      | Mangled by a wight

Illustrated notes

Levels and vault maps discovered:
D:1:      lightli_arrival_statue_moat, layout_loops_corners,
          hellmonk_ecumenical_altar_defaced_shrine
D:2:      layout_loops_ring, minivault_27, kennysheep_nondescript, nrook_uturn
D:3:      layout_loops_cross
D:4:      layout_basic, serial_shops, nicolae_shop_bloodbath_and_beyond,
          nicolae_shop_behind_doors, nicolae_shop_crystal, gammafunk_ghost_smash
D:5:      layout_loops_ring, mainiacjoe_overflow_paths, serial_glass,
          glass_columns_b, glass_columns_a, glass_columns_a, glass_columns_c,
          glass_columns_a, glass_columns_c, serial_shops,
          nicolae_inconvenience_store, roderic_serpentine_path
D:6:      layout_basic, minmay_temple_entry_waves, chequers_big_river,
          lightli_corner_chamber
D:7:      corexii_shantytown, layout_gridville,
          mainiacjoe_overflow_concentric_impassable,
          mainiacjoe_overflow_tiny_flanked, enter_bailey_5
Temple:   minmay_temple_bridge_d

Skill      XL: |  1  2  3  4  5  6  7  8  9 |
---------------+----------------------------+-----
Stealth        | 3 4 5 6 |  6.1
Fighting       | 1 2 3 5 6 |  6.8
Conjurations   | 2 3 5 6 |  6.9
Spellcasting   | 3 5 6 |  6.5
Fire Magic     | 4 6 7 |  7.5
Dodging        | |  2.0

Action                   |  1- 3 |  4- 6 |  7- 9 | 10-12 || total
-------------------------+-------+-------+-------+-------++-------
Melee: Unarmed           |     8 |       |       |       ||     8
       Tentacles         |    18 |    17 |    35 |     8 ||    78
       Spear             |   103 |    84 |   170 |    31 ||   388
       Constrict         |    20 |    20 |    37 |     8 ||    85
       Punch             |       |     2 |     2 |       ||     4
 Cast: Foxfire           |     8 |    43 |   211 |    36 ||   298
  Use: Scroll            |     3 |     2 |     7 |       ||    12
       Potion            |       |       |     6 |     1 ||     7
 Stab: Sleeping          |    16 |    10 |    14 |     1 ||    41
       Distracted        |       |       |     1 |       ||     1
Armor: Skin              |    10 |    17 |    20 |     6 ||    53
Dodge: Dodged            |    40 |    41 |   110 |    39 ||   230
